 Dungeon Crawl Stone Soup version 0.28.0-53-g5a82cb258f (webtiles) character file.

Game seed: 10507144132328566151

560 purpskrrrp the Chopper (level 7, -1/55 HPs)
             Began as a Formicid Fighter on June 21, 2022.
             Was an Initiate of Ashenzari.
             Slain by an ogre
             ... wielding a +0 giant spiked club
              (18 damage)
             ... on level 3 of the Dungeon.
             The game lasted 00:27:33 (4240 turns).

purpskrrrp the Chopper (Formicid Fighter)           Turns: 4240, Time: 00:27:34

Health: -1/55      AC: 10    Str: 22    XL:     7   Next: 57%
Magic:  7/7        EV: 10    Int:  8    God:    Ashenzari [......]
Gold:   105        SH:  4    Dex: 10    Spells: 6/6 levels left

rFire   . . .      SeeInvis +   a - +2 war axe
rCold   . . .      Faith    .   c - +0 buckler
rNeg    . . .      Spirit   .   b - +1 scale mail
rPois   .          Reflect  .   (helmet unavailable)
rElec   .          Harm     .   (no cloak)
rCorr   .          Rampage  .   (no gloves)
Will    .....                   (no boots)
Stlth   ..........              e - amulet of magic regeneration
HPRegen 0.18/turn               (no ring)
MPRegen 0.50/turn               (no ring)

@: no status effects
A: permanent stasis, dig shafts and tunnels, antennae 3, four strong arms,
iridescent scales 1
a: Dig, Shaft Self, Renounce Religion


You were on level 3 of the Dungeon.
You worshipped Ashenzari.
Ashenzari was noncommittal.
You visited 1 branch of the dungeon, and saw 4 of its levels.
You also visited: Sewer.

You collected 105 gold pieces.

Inventory:

Hand Weapons
 a - a +2 war axe (weapon)
 f - a +2 dagger of holy wrath
 u - a +1 whip of distortion
Missiles
 d - 2 curare-tipped darts
 g - 13 bolts
 j - 12 arrows
 m - 5 poisoned darts
 r - 5 boomerangs (quivered)
Armour
 b - a +1 scale mail (worn)
 c - a +0 buckler (worn)
Jewellery
 e - an amulet of magic regeneration (around neck)
Scrolls
 h - a scroll of fog
 k - a scroll of amnesia
Potions
 l - a potion of invisibility {unknown}
 n - 3 potions of resistance {unknown}
 o - a potion of haste {unknown}
 q - a potion of brilliance {unknown}
 s - a potion of degeneration {unknown}


   Skills:
 + Level 4.5 Fighting
 + Level 5.1 Axes
 + Level 1.1 Throwing
 + Level 5.1 Armour
 + Level 1.2 Dodging
 + Level 1.8 Stealth
 + Level 4.5 Shields


You had 6 spell levels left.
You didn't know any spells.
Your spell library contained the following spells:

 Spells                   Type           Power      Damage    Failure   Level
 Summon Ice Beast         Ice/Summ       0%         N/A       100%        4
 Summon Mana Viper        Hex/Summ       0%         N/A       100%        5
 Monstrous Menagerie      Summ           0%         N/A       100%        7


Dungeon Overview and Level Annotations

Branches:
Dungeon (4/15)              Sewer (visited)
 Temple: D:4-7

Altars:
Ashenzari
Makhleb

Shops:
D:1 ?   D:3 [


Innate Abilities, Weirdness & Mutations

You cannot be hasted, slowed, berserked, paralysed or teleported.
You can dig through walls and to a lower floor.
You have a pair of large antennae on your head. (SInv)
Your four strong arms can wield two-handed weapons with a shield.
You are partially covered in iridescent scales. (AC +2)


Message History

A ball python comes into view.
You barely miss the goblin.
The goblin is moderately wounded.
The ball python hisses angrily.
You block the gnoll's attack. The goblin hits you but does no damage.
The gnoll barely misses you.
You barely miss the goblin.
The goblin is moderately wounded.
The goblin hits you but does no damage. You block the gnoll's attack.
The goblin hits you but does no damage.
A howler monkey skeleton comes into view.
The gnoll hits you from afar with a +0 spear.
The goblin hits you but does no damage.
There is a stone staircase leading up here.
You can't go down here!
The ogre hits you with a +0 giant spiked club.
The gnoll hits you from afar with a +0 spear.
The goblin barely misses you.
You climb upwards.
There is a stone staircase leading down here.
Things that are here:
a +0 ring mail; a +0 long sword You hit the dart slug.
The dart slug is heavily wounded.
You hit the ogre. The ogre barely misses you.
The dart slug completely misses you.
You hit the dart slug.
The dart slug is severely wounded.
You hit the ogre.
The ogre hits you with a +0 giant spiked club.
The dart slug launches a dart at you. The slug dart hits you.
You hit the dart slug.
You kill the dart slug!
You slash the ogre! The ogre barely misses you.
You slash the goblin!
You kill the goblin!
You hit the ogre.
The ogre hits you with a +0 giant spiked club!!
You die...

.....###...## ##.#..#..#).#P.#
.....##.#...# ##.####.)#..#..##
..[..##.#...###........####...#
.....##....))........).)......#
.....)...).#######....####.#..#
.......)...# #.##.# #.#.####
....#####..# #.##.# #.......
#.#.#####..#######.##.####..#####
#.#............O@).##............
#.#######..################.####(
....>.<....## #.# #.
#.........).# #.# #.
#########.#.# ##.## ## #.#.#
########...#### #.#.###
#..............
#.#.#.#####.######...####
#....#......# ##.##


You could see an ogre.

Vanquished Creatures
  4 kobold brigands (Sewer)
  An orc priest (D:3)
  2 hounds (D:4)
  An orc wizard (D:3)
  Jessica (D:3)
  4 adders
  A worm (D:3)
  A dart slug (D:3)
  12 orcs (D:3)
  12 ball pythons
  2 endoplasms
  6 giant cockroaches
  4 goblins
  7 hobgoblins
  21 kobolds
  3 quokkas
  8 bats
  2 frilled lizards
  7 rats
99 creatures vanquished.

Vanquished Creatures (others)
  16 plants
16 creatures vanquished.

Grand Total: 115 creatures vanquished

Notes
Turn   | Place    | Note
-------+----------+-------------------------------------------
     0 | D:1      | purpskrrrp the Formicid Fighter began the quest for the
                  | Orb.
     0 | D:1      | Reached XP level 1. HP: 18/18 MP: 1/1
   339 | D:1      | Reached XP level 2. HP: 24/24 MP: 2/2
   834 | D:1      | Found Tabes's Magic Scroll Shop.
  1576 | D:2      | Reached skill level 1 in Stealth
  1606 | D:2      | Reached XP level 3. HP: 30/30 MP: 3/3
  1682 | D:2      | Found a faded altar of an unknown god.
  1854 | D:3      | Noticed Jessica
  1863 | D:3      | Reached XP level 4. HP: 16/37 MP: 4/4
  1870 | D:3      | Killed Jessica
  1989 | D:3      | Reached XP level 5. HP: 27/42 MP: 5/5
  2204 | D:3      | Found a glowing drain.
  2218 | Sewer    | Entered a sewer
  2406 | Sewer    | Noticed a kobold brigand
  2427 | Sewer    | Killed a kobold brigand
  2431 | Sewer    | Reached XP level 6. HP: 16/48 MP: 6/6
  2440 | Sewer    | Gained mutation: You are partially covered in iridescent
                  | scales. (AC +2) [potion of mutation]
  2771 | Sewer    | Reached skill level 1 in Dodging
  2931 | Sewer    | Reached XP level 7. HP: 27/55 MP: 7/7
  3131 | D:3      | Found Puoczesch's Armour Boutique.
  3184 | D:3      | Found a broken altar of Ashenzari.
  3184 | D:3      | Found a burning altar of Makhleb.
  3473 | D:3      | Reached skill level 5 in Axes
  4029 | D:3      | Became a worshipper of Ashenzari the Shackled
  4213 | D:4      | Reached skill level 1 in Throwing
  4228 | D:4      | Reached skill level 5 in Armour
  4240 | D:3      | Slain by an ogre

Illustrated notes

Levels and vault maps discovered:
D:1:      lemuel_arrival_funnel, layout_basic, serial_shops, nicolae_shop_trees,
          minmay_misc_feat_hallway, serial_bayou_lagoon_a
D:2:      layout_basic, ebering_ecumenical_altar_abandoned
D:3:      corexii_shack_village, layout_loops_ring,
          gammafunk_temple_overflow_wave, serial_shops, shop_fountains,
          cheibrodos_sewer_entry_sluice, minmay_misc_feat_encased, uniq_jessica
D:4:      layout_basic, minmay_fractal_squares_diagonal_5

Skill      XL: |  1  2  3  4  5  6  7 |
---------------+----------------------+-----
Stealth        | 1 |  1.8
Armour         | 4 5 |  5.1
Fighting       | 4 |  4.5
Shields        | 4 |  4.5
Axes           | 3 4 5 |  5.1
Dodging        | 1 |  1.2
Throwing       | 1 |  1.1

Action                   |  1- 3 |  4- 6 |  7- 9 || total
-------------------------+-------+-------+-------++-------
Melee: War axe           |    57 |   157 |    78 ||   292
Throw: Dart              |       |       |    14 ||    14
       Boomerang         |       |       |     6 ||     6
  Use: Scroll            |     4 |     3 |     1 ||     8
       Potion            |       |     2 |       ||     2
Armor: Scale mail        |    25 |    81 |    35 ||   141
Dodge: Dodged            |    23 |    60 |    32 ||   115
Block: Buckler           |     5 |    34 |    22 ||    61
